 Dungeon Crawl Stone Soup version 0.21.1-1-g345015f (webtiles) character file.

117 inc the Scratcher (level 4, 19/19 HPs)
             Began as a Felid Transmuter on Mar 13, 2018.
             Quit the game on level 3 of the Dungeon.
             The game lasted 00:07:53 (5681 turns).

inc the Scratcher (Felid Transmuter)                Turns: 5681, Time: 00:07:54

Health: 19/19      AC:  1    Str:  6    XL:     4   Next: 71%
Magic:  8/8        EV: 19    Int: 16    God:
Gold:   106        SH:  0    Dex: 16    Spells: 4/7 levels left
                                        Lives:  0   Deaths: 1

rFire    . . .     SeeInvis +     - Unarmed
rCold    . . .     Gourm    .   (shield unavailable)
rNeg     . . .     Faith    .   (armour unavailable)
rPois    .         Spirit   .   (helmet unavailable)
rElec    .         Reflect  .   (cloak unavailable)
rCorr    .         Harm     .   (gloves unavailable)
MR       .....                  (boots unavailable)
Stlth    ++........             (no amulet)
HPRegen  0.06/turn              (no ring)
MPRegen  0.11/turn              (no ring)

@: quick
A: very small, no armour, no weapons or thrown items, stealth, claws 1, fangs 3,
see invisible, carnivore, speed 1, shaggy fur 1, slow metabolism 1, sharp paws
a: no special abilities


You were on level 3 of the Dungeon.
You were not hungry.

You visited 1 branch of the dungeon, and saw 4 of its levels.

You collected 106 gold pieces.

Inventory:

Missiles
 a - 15 arrows
Jewellery
 g - a -5 ring of dexterity
Wands
 d - a wand of acid (9)
 i - a wand of polymorph (10)
Scrolls
 e - a scroll of identify
 f - a scroll of magic mapping
 j - 2 scrolls of remove curse
Potions
 h - a potion of magic
 m - a potion of flight
Books
 b - a book of Changes

   Spells                             Type                      Level
   a - Beastly Appendage              Transmutation                1
   b - Sticks to Snakes               Transmutation                2
   c - Spider Form                    Transmutation/Poison         3
   d - Ice Form                       Ice/Transmutation            4
   e - Blade Hands                    Transmutation                5
Comestibles
 c - 5 rations


   Skills:
 - Level 1.0 Fighting
 - Level 4.2 Dodging
 - Level 5.0 Unarmed Combat
 - Level 2.0 Spellcasting
 + Level 4.2 Transmutations


You had 4 spell levels left.
You knew the following spells:

 Your Spells              Type           Power        Failure   Level  Hunger
a - Beastly Appendage     Tmut           ###...       3%          1    #......
b - Sticks to Snakes      Tmut           ###.....     5%          2    ###....


Dungeon Overview and Level Annotations

Branches:
Dungeon (4/15)
 Temple: D:4-7

Altars:
Fedhas
Yredelemnul

Shops:
D:4 =

Annotations:
D:3 Purgy


Innate Abilities, Weirdness & Mutations

You cannot wear armour.
You are incapable of wielding weapons or throwing items.
Your paws allow you to move quietly. (Stealth)
You have sharp claws.
You have razor-sharp teeth.
You have supernaturally acute eyesight. (SInv)
You are carnivorous and can eat meat at any time.
You cover ground quickly.
You are covered in fur. (AC +1)
You have a slow metabolism.
Your sharp claws are effective at attacking unaware monsters.


Message History

You are too injured to fight recklessly!
Casting: Sticks to Snakes
Confirm with . or Enter, or press ? or * to list all spells.
You grow a pair of large bovine horns.
Your ball python closely misses Purgy.
Your water moccasin bites Purgy!
Purgy looks as sick as possible!
Your water moccasin poisons Purgy!
You barely miss Purgy.
Purgy is heavily wounded.
Your ball python bites Purgy.
Purgy completely misses you. Purgy claws you.
* * * LOW HITPOINT WARNING * * *
Purgy claws you.
You die...
Your shape twists and changes as you die.
Your water moccasin bites Purgy.
Purgy looks as sick as possible!
Your water moccasin poisons Purgy!
You are now level 4!
Your horns disappear.
You rejoin the land of the living...
Okay, then.
Are you sure you want to abandon this character and quit the game? (Confirm with "yes".)

## #..#.#..# #..# #..# .##
#..#.#..# #..# #..# ..#
#..#.#..######..####..#
..#####.................##..#####
.(()....)..#..######..#..........
............................#####
..##########.#######..#####.# .##
#.#######..#####.# ##
#....@...........#
##################


There were no monsters in sight!

Vanquished Creatures
  An orc wizard (D:3)
  4 adders
  An ooze (D:2)
  3 worms
  5 dart slugs
  8 leopard geckos
  4 orcs (D:3)
  4 bats
  5 giant cockroaches
  4 hobgoblins
  9 jackals
  A quokka (D:2)
  3 ball pythons
  A frilled lizard (D:1)
  13 goblins
  8 kobolds
  5 rats
79 creatures vanquished.

Vanquished Creatures (collateral kills)
  A scorpion (D:4)
  An adder (D:4)
2 creatures vanquished.

Grand Total: 81 creatures vanquished

Notes
Turn   | Place    | Note
-------+----------+-------------------------------------------
     0 | D:1      | inc the Felid Transmuter began the quest for the Orb.
     0 | D:1      | Reached XP level 1. HP: 9/9 MP: 4/4
   306 | D:1      | Reached XP level 2. HP: 5/12 MP: 4/6
  1045 | D:2      | Reached skill level 4 in Unarmed Combat
  1455 | D:1      | Reached XP level 3. HP: 14/15 MP: 7/7
  2173 | D:2      | Found a blossoming altar of Fedhas.
  2495 | D:1      | Learned a level 2 spell: Sticks to Snakes
  2613 | D:2      | Reached skill level 5 in Unarmed Combat
  2613 | D:2      | Reached XP level 4. HP: 15/19 MP: 6/8
  4070 | D:3      | Noticed Purgy
  4170 | D:4      | Reached XP level 5. HP: 13/22 MP: 6/9
  4430 | D:4      | Found Aroybbox's Jewellery Emporium.
  4477 | D:4      | Found a basalt altar of Yredelemnul.
  4695 | D:4      | Noticed a phantom
  4704 | D:4      | HP: 1/22 [phantom (7)]
  5680 | D:3      | Slain by Purgy
  5681 | D:3      | Reached XP level 4. HP: -1/19 MP: 2/8
  5681 | D:3      | Quit the game

Skill      XL: |  1  2  3  4  5 |
---------------+----------------+-----
Unarmed Combat | 4 5 |  5.0
Dodging        | 4 |  4.2
Transmutations | 3 4 |  4.2
Fighting       | |  1.0
Spellcasting   | |  2.0

Action                   |  1- 3 |  4- 6 || total
-------------------------+-------+-------++-------
Melee: Unarmed           |   147 |   134 ||   281
       Bite              |    12 |    10 ||    22
       Headbutt          |     8 |    12 ||    20
       Punch             |     3 |     2 ||     5
 Cast: Beastly Appendage |    13 |    13 ||    26
       Sticks to Snakes  |       |    18 ||    18
  Use: Scroll            |       |     7 ||     7
       Potion            |       |     5 ||     5
 Stab: Sleeping          |     3 |     5 ||     8
  Eat: Chunk             |     4 |     4 ||     8
       Ration            |       |     1 ||     1
Armor: Skin              |    12 |     4 ||    16
Dodge: Dodged            |   124 |   126 ||   250
